 Dungeon Crawl Stone Soup version 0.23-a0-622-g59b4ea9 (console) character file.

520 bli the Insei (level 7, -7/45 HPs)
             Began as an Octopode Transmuter on Dec 23, 2018.
             Mangled by a gnoll
             ... wielding a +0 halberd
              (10 damage)
             ... on level 4 of the Dungeon.
             The game lasted 00:14:50 (3956 turns).

bli the Insei (Octopode Transmuter)                 Turns: 3956, Time: 00:14:51

Health: -7/45      AC:  1    Str: 12    XL:     7   Next: 21%
Magic:  19/19      EV: 13    Int: 15    God:
Gold:   222        SH: 10    Dex: 12    Spells: 9/10 levels left

rFire    . . .     SeeInvis .     - Unarmed
rCold    . . .     Gourm    .   t - +1 buckler
rNeg     . . .     Faith    .   (helmet restricted)
rPois    .         Spirit   .   r - +5 amulet of reflection
rElec    .         Reflect  +   l - ring of magical power
rCorr    .         Harm     .   (no ring)
MR       .....                  (no ring)
Stlth    +++.......             (no ring)
HPRegen  0.15/turn              (no ring)
MPRegen  0.16/turn              (no ring)
                                (no ring)
                                (no ring)

@: no status effects
A: almost no armour, stealthy swim, amphibious, 8 rings, constrict 8, camouflage
1, gelatinous body 1
a: no special abilities


You were on level 4 of the Dungeon.
You were hungry.

You visited 1 branch of the dungeon, and saw 4 of its levels.

You collected 222 gold pieces.

Inventory:

Hand Weapons
 y - a +1 whip of electrocution
 A - a +4 quarterstaff of chaos
 B - a +2 spear of venom
Missiles
 a - 72 arrows
 b - 76 stones (quivered)
 d - 8 tomahawks
 w - 13 sling bullets
 D - 4 steel tomahawks
Armour
 t - a +1 buckler (worn)
Jewellery
 l - a ring of magical power (left tentacle)
 o - an uncursed ring of teleportation
 r - a +5 amulet of reflection (around mantle)
 x - an uncursed amulet of harm {unknown}
Scrolls
 e - 2 scrolls of teleportation
 i - a scroll of amnesia
 j - 5 scrolls of enchant armour
 k - a scroll of blinking {unknown}
 n - a scroll of fear {unknown}
 p - a scroll of remove curse
 s - a scroll of noise {unknown}
 u - 3 scrolls of identify {unknown}
Potions
 f - 2 potions of curing
 g - 2 potions of flight {unknown}
 h - a potion of ambrosia {unknown}
 m - 2 potions of haste {unknown}
 q - a potion of brilliance {unknown}
 v - 2 potions of berserk rage {unknown}
 z - a potion of agility {unknown}
 C - a potion of magic {unknown}
Comestibles
 c - 7 rations


   Skills:
 * Level 2.6 Fighting
 + Level 2.7 Dodging
 + Level 3.7 Stealth
 + Level 1.4 Shields
 * Level 6.1 Unarmed Combat
 + Level 2.2 Spellcasting
 + Level 2.3 Transmutations


You had 9 spell levels left.
You knew the following spells:

 Your Spells              Type           Power        Failure   Level  Hunger
a - Beastly Appendage     Tmut           #.....       12%         1    #......

Your spell library contained the following spells:

 Spells                   Type           Power        Failure   Level  Hunger
 Sticks to Snakes         Tmut           #.......     17%         2    ###....
 Spider Form              Tmut/Pois      #.........   50%         3    ###....
 Ice Form                 Ice/Tmut       #.......     88%         4    #####..
 Blade Hands              Tmut           #.........   97%         5    ######.


Dungeon Overview and Level Annotations

Branches:
Dungeon (4/15)
 Temple: D:4-7

Altars:
Ashenzari
Sif Muna


Innate Abilities, Weirdness & Mutations

You cannot wear most types of armour.
You are very stealthy in the water. (Stealth+)
You are amphibious.
You can wear up to eight rings at the same time.
You can use your tentacles to constrict eight enemies at once.
Your skin changes colour to match your surroundings (Stealth+).
Your rubbery body absorbs attacks. (AC +1, EV +1)


Message History

You kill the gnoll shaman!
You have reached level 7!
You block the gnoll's attack. The gnoll hits you.
* * * LOW HITPOINT WARNING * * *
You block the gnoll's attack.
You tentacle-slap the phantom.
The phantom is almost destroyed.
The phantom hits you!
* * * LOW HITPOINT WARNING * * *
The gnoll closely misses you. You block the gnoll's attack.
It was a potion of curing.
You feel better. You block the gnoll's attack.
The You block the gnoll's attack.
The gnoll hits you.
* * * LOW HITPOINT WARNING * * *
You block the gnoll's attack.
You tentacle-slap the phantom.
You destroy the phantom!
Your Unarmed Combat skill increases to level 6!
The gnoll closely misses you. x2; You block the gnoll's attack.
The gnoll hits you from afar with a +0 halberd!
You die...

.. #..........#
###.######...#.......
#........##.......#.#
#........##.......#..
#...............#.###
###.........(.>...g...<
#...............#.####.
#..........###...[...#.
#......gg..# #(...##.#.
#####...>..# #..((##.#.
#.@....# #(..(.#...
############......# #.(.<.####
#.........##......###(...g....
#.........##.####....(.#(.####
#.........##.# #......#..# ##
#............# #......#..# #.
#.........#######......#..# #.
######.#######.........######.
#......................'.
#########....###########.
###### +.


You could see 2 gnolls.

Vanquished Creatures
  Sigmund (D:3)
  A phantom (D:4)
  A scorpion (D:4)
  Crazy Yiuf (D:3)
  Terence (D:3)
  A gnoll shaman (D:4)
  A worker ant (D:4)
  2 gnolls (D:4)
  2 adders (D:2)
  2 worms (D:2)
  A dart slug (D:1)
  A leopard gecko (D:1)
  5 orcs (D:4)
  2 ball pythons
  8 bats
  3 giant cockroaches
  11 goblins
  7 hobgoblins
  9 jackals
  A ball python skeleton (D:4)
  3 frilled lizards
  5 kobolds
  9 rats
78 creatures vanquished.

Notes
Turn   | Place    | Note
-------+----------+-------------------------------------------
     0 | D:1      | bli the Octopode Transmuter began the quest for the Orb.
     0 | D:1      | Reached XP level 1. HP: 13/13 MP: 3/3
   179 | D:1      | Reached XP level 2. HP: 15/18 MP: 3/5
   714 | D:1      | Reached XP level 3. HP: 14/23 MP: 4/6
  1204 | D:2      | Reached skill level 4 in Unarmed Combat
  1355 | D:2      | Found a shattered altar of Ashenzari.
  1631 | D:2      | Reached skill level 1 in Stealth
  1631 | D:2      | Reached XP level 4. HP: 28/28 MP: 7/7
  1901 | D:3      | Noticed Terence
  2337 | D:3      | Killed Terence
  2337 | D:3      | Reached XP level 5. HP: 34/34 MP: 8/8
  2368 | D:3      | Noticed Sigmund
  2496 | D:3      | Found a runed door.
  2500 | D:3      | Noticed Crazy Yiuf
  2508 | D:3      | Killed Crazy Yiuf
  3011 | D:3      | Killed Sigmund
  3011 | D:3      | Reached skill level 5 in Unarmed Combat
  3011 | D:3      | Reached XP level 6. HP: 25/39 MP: 9/9
  3125 | D:3      | Found a deep blue altar of Sif Muna.
  3191 | D:4      | Reached skill level 1 in Shields
  3583 | D:4      | Noticed a phantom
  3768 | D:4      | Noticed a phantom
  3951 | D:4      | Reached XP level 7. HP: 15/45 MP: 10/10
  3952 | D:4      | HP: 2/45 [phantom (10)]
  3955 | D:4      | Reached skill level 6 in Unarmed Combat
  3956 | D:4      | Mangled by a gnoll

Vault maps used:
D:1:      minmay_arrival_split_and_join
D:2:      marbit_many_paths, first_ration
D:3:      lemuel_blue_sif_altar, uniq_sigmund, uniq_terence,
          uniq_crazy_yiuf_cottage

Skill      XL: |  1  2  3  4  5  6  7 |
---------------+----------------------+-----
Unarmed Combat | 4 5 6 |  6.1
Stealth        | 1 3 |  3.7
Fighting       | 2 |  2.6
Shields        | 1 |  1.4
Dodging        | |  2.7
Spellcasting   | |  2.2
Transmutations | |  2.3

Action                   |  1- 3 |  4- 6 |  7- 9 || total
-------------------------+-------+-------+-------++-------
Melee: Unarmed           |    86 |   128 |     2 ||   216
       Constrict         |    24 |    27 |       ||    51
       Kick              |    11 |    25 |       ||    36
       Tentacles         |     9 |    15 |       ||    24
       Punch             |     1 |     4 |       ||     5
Throw: Stone             |    14 |    35 |       ||    49
 Cast: Beastly Appendage |     8 |    12 |       ||    20
  Use: Scroll            |       |     4 |       ||     4
       Potion            |       |       |     1 ||     1
 Stab: Sleeping          |     5 |     7 |       ||    12
       Distracted        |       |     1 |       ||     1
  Eat: Chunk             |     2 |     7 |       ||     9
Armor: Skin              |     5 |     5 |       ||    10
Dodge: Dodged            |    52 |    43 |     3 ||    98
Block: Buckler           |     2 |    45 |     7 ||    54

Table legend:
 A = Non-vault XP
 B = Vault XP
 C = Vault XP percentage of total XP
 D = Non-vault monster count
 E = Vault monster count
 F = Vault count percentage of total count
                 A         B        C        D         E       F
            +---------+---------+-------+---------+---------+-------
      Total |     443 |     301 |  40.5 |      74 |       4 |   5.1
            +---------+---------+-------+---------+---------+-------
        D:1 |      37 |       0 |   0.0 |      20 |       0 |   0.0
        D:2 |      67 |       1 |   1.5 |      23 |       1 |   4.2
        D:3 |      25 |     300 |  92.3 |      15 |       3 |  16.7
        D:4 |     314 |       0 |   0.0 |      16 |       0 |   0.0
            +---------+---------+-------+---------+---------+-------
